MID
LAKE COUNTY CAPTAINS @ BOWLING GREEN HOT RODS
08/06/2049
 
TOP OF THE 1ST
Lake County Captains batting - Pitching for Bowling Green Hot Rods : RHP Ryan Van Riper
Pitching: RHP Ryan Van Riper
Batting: RHB Patrick Pinault 0-0: Swinging Strike
0-1: Foul Ball, location: 2F
0-2: Strikes out looking
Batting: RHB Steve Gusman 0-0: Called Strike
0-1: Ball
1-1: Ground out 6-3 (Groundball, 6, EV 83.1 MPH)
Batting: LHB Esteban Cordova 0-0: Ball
1-0: Called Strike
1-1: Ball
2-1: Ball
3-1: Foul Ball, location: 2F
3-2: SOLO HOME RUN (Flyball, 78XD, EV 103.8 MPH), Distance : 409 ft
Batting: RHB Josh Patterson 0-0: Called Strike
0-1: Called Strike
0-2: Foul Ball, location: 2F
0-2: Strikes out swinging
Top of the 1st over - 1 run, 1 hit, 0 errors, 0 left on base; Lake County 1 - Bowling Green 0
BOTTOM OF THE 1ST
Bowling Green Hot Rods batting - Pitching for Lake County Captains : RHP Gordie Pierson
Pitching: RHP Gordie Pierson
Batting: SHB Luis Verduzco 0-0: Ball
1-0: Ball
2-0: Called Strike
2-1: Swinging Strike
2-2: Foul Ball, location: 2F
2-2: Foul Ball, location: 2F
2-2: Strikes out looking
Batting: LHB Sean Banks 0-0: Ball
1-0: SINGLE (Line Drive, 7S, EV 104.4 MPH)
Batting: RHB Dermott Kennelly 0-0: Swinging Strike
0-1: Swinging Strike
0-2: Strikes out swinging
Batting: LHB Rocky Crowley 0-0: Ball
1-0: Called Strike
1-1: Called Strike
1-2: Strikes out swinging
Bottom of the 1st over - 0 runs, 1 hit, 0 errors, 1 left on base; Lake County 1 - Bowling Green 0
TOP OF THE 2ND
Lake County Captains batting - Pitching for Bowling Green Hot Rods : RHP Ryan Van Riper
Batting: RHB Justin Young 0-0: Ball
1-0: Ball
2-0: Foul Ball, location: 2F
2-1: Ball
3-1: Base on Balls
Batting: LHB Jeff Palmowski 0-0: Called Strike
0-1: Fly out, F8 (Flyball, 89M, EV 90.0 MPH)
Batting: RHB Willie Gonzales 0-0: Foul Ball, location: 2F
0-1: Fly out, F7 (Flyball, 7S, EV 94.4 MPH)
Batting: RHB Jeremy Givens 0-0: Ball
1-0: Ball
2-0: Fielders Choice at 2nd, 5-4 (Groundball, 56, EV 90.6 MPH)
Top of the 2nd over - 0 runs, 0 hits, 0 errors, 1 left on base; Lake County 1 - Bowling Green 0
BOTTOM OF THE 2ND
Bowling Green Hot Rods batting - Pitching for Lake County Captains : RHP Gordie Pierson
Batting: RHB Tim Dower 0-0: Called Strike
0-1: Called Strike
0-2: Ball
1-2: Ball
2-2: Ball
3-2: Foul Ball, location: 2F
3-2: Strikes out swinging, 2-3 out at first.
Batting: RHB Eric Waugaman 0-0: Ball
1-0: Ball
2-0: Ball
3-0: Called Strike
3-1: Called Strike
3-2: Strikes out swinging
Batting: RHB Dave Valdez 0-0: Called Strike
0-1: Foul Ball, location: 2F
0-2: Ball
1-2: Foul Ball, location: 2F
1-2: Ball
2-2: Ball
3-2: Strikes out swinging
Bottom of the 2nd over - 0 runs, 0 hits, 0 errors, 0 left on base; Lake County 1 - Bowling Green 0
TOP OF THE 3RD
Lake County Captains batting - Pitching for Bowling Green Hot Rods : RHP Ryan Van Riper
Batting: RHB Juan Ordonez 0-0: Ball
1-0: Ball
2-0: Bunt missed!
2-1: Called Strike
2-2: Foul Ball, location: 2F
2-2: Foul Ball, location: 2F
2-2: Foul Ball, location: 2F
2-2: DOUBLE (Flyball, 8LXD, EV 107.5 MPH)
Batting: RHB Patrick Pinault 0-0: Ball
1-0: Called Strike
1-1: Ball
2-1: SINGLE (Groundball, 5S, EV 66.9 MPH) (infield hit)
Juan Ordonez to third
Batting: RHB Steve Gusman 0-0: Called Strike
0-1: SINGLE (Groundball, 56S, EV 65.0 MPH) (infield hit)
Juan Ordonez scores
Patrick Pinault to second
Batting: LHB Esteban Cordova 0-0: Ball
1-0: Ball
2-0: 3-RUN HOME RUN (Line Drive, 9LD, EV 97.5 MPH), Distance : 354 ft
Batting: RHB Josh Patterson 0-0: DOUBLE (Flyball, 8RXD, EV 99.4 MPH)
Batting: RHB Justin Young 0-0: Called Strike
0-1: Ball
1-1: Foul Ball, location: 2F
1-2: Strikes out looking
Batting: LHB Jeff Palmowski 0-0: Ball
1-0: Swinging Strike
1-1: Ball
2-1: Foul Ball, location: 2F
2-2: Ball
3-2: Strikes out swinging
Batting: RHB Willie Gonzales 0-0: Ground out 6-3 (Groundball, 6, EV 110.0 MPH)
Top of the 3rd over - 4 runs, 5 hits, 0 errors, 1 left on base; Lake County 5 - Bowling Green 0
BOTTOM OF THE 3RD
Bowling Green Hot Rods batting - Pitching for Lake County Captains : RHP Gordie Pierson
Batting: LHB Eduardo Lopez 0-0: Called Strike
0-1: Ball
1-1: Fly out, F7 (Line Drive, 7, EV 103.8 MPH)
Batting: RHB Bogumil Filipowski 0-0: Ground out 4-3 (Groundball, 4D, EV 96.9 MPH)
Batting: SHB Luis Verduzco 0-0: Ball
1-0: Fly out, F8 (Flyball, 8LM, EV 86.9 MPH)
Bottom of the 3rd over - 0 runs, 0 hits, 0 errors, 0 left on base; Lake County 5 - Bowling Green 0
TOP OF THE 4TH
Lake County Captains batting - Pitching for Bowling Green Hot Rods : RHP Ryan Van Riper
Batting: RHB Jeremy Givens 0-0: Swinging Strike
0-1: Foul Ball, location: 2F
0-2: Ball
1-2: Strikes out swinging
Batting: RHB Juan Ordonez 0-0: Called Strike
0-1: Ball
1-1: Ball
2-1: Ball
3-1: Base on Balls
Batting: RHB Patrick Pinault 0-0: Called Strike
Juan Ordonez steals 2nd base
0-1: Swinging Strike
0-2: Ball
1-2: Ball
2-2: Ball
3-2: Ground out 5-3 (Groundball, 5S, EV 63.8 MPH)
Juan Ordonez to third
Batting: RHB Steve Gusman 0-0: Fly out, F6 (Line Drive, 6, EV 61.9 MPH)
Top of the 4th over - 0 runs, 0 hits, 0 errors, 1 left on base; Lake County 5 - Bowling Green 0
BOTTOM OF THE 4TH
Bowling Green Hot Rods batting - Pitching for Lake County Captains : RHP Gordie Pierson
Batting: LHB Sean Banks 0-0: Ball
1-0: Called Strike
1-1: Ball
2-1: Swinging Strike
2-2: Ball
3-2: Strikes out swinging
Batting: RHB Dermott Kennelly 0-0: Ball
1-0: Foul Ball, location: 2F
1-1: Ball
2-1: Foul Ball, location: 2F
2-2: DOUBLE (Line Drive, 78XD, EV 106.9 MPH)
Batting: LHB Rocky Crowley 0-0: Called Strike
0-1: Ball
1-1: Called Strike
1-2: Ball
2-2: Ground out 4-3 (Groundball, 4S, EV 80.6 MPH)
Dermott Kennelly to third
Batting: RHB Tim Dower 0-0: Ball
1-0: Swinging Strike
1-1: Ball
2-1: Ball
3-1: Called Strike
3-2: Strikes out swinging
Bottom of the 4th over - 0 runs, 1 hit, 0 errors, 1 left on base; Lake County 5 - Bowling Green 0
TOP OF THE 5TH
Lake County Captains batting - Pitching for Bowling Green Hot Rods : RHP Ryan Van Riper
Batting: LHB Esteban Cordova 0-0: Ball
1-0: Swinging Strike
1-1: Called Strike
1-2: Ball
2-2: Ball
3-2: Foul Ball, location: 2F
3-2: Base on Balls
Pitching: RHP Mike Oliver
Batting: RHB Josh Patterson 0-0: Ball
1-0: Foul Ball, location: 2F
1-1: Ball
2-1: Called Strike
2-2: Foul Ball, location: 2F
2-2: Strikes out looking
Batting: RHB Justin Young 0-0: Ball
1-0: Ball
2-0: Ball
3-0: Base on Balls
Esteban Cordova to second
Batting: LHB Jeff Palmowski 0-0: Ball
1-0: Ball
Passed Ball!
Esteban Cordova to third
Justin Young to second
2-0: Foul Ball, location: 2F
2-1: Foul Ball, location: 2F
2-2: Foul Ball, location: 2F
2-2: Strikes out swinging
Batting: RHB Willie Gonzales 0-0: Ball
1-0: Called Strike
1-1: Ball
2-1: Ball
3-1: Foul Ball, location: 2F
3-2: Base on Balls
Pitching: RHP Chris Harman
Batting: RHB Jeremy Givens 0-0: Ball
1-0: Fly out, F9 (Flyball, 89D, EV 101.9 MPH)
Top of the 5th over - 0 runs, 0 hits, 0 errors, 3 left on base; Lake County 5 - Bowling Green 0
BOTTOM OF THE 5TH
Bowling Green Hot Rods batting - Pitching for Lake County Captains : RHP Gordie Pierson
Batting: RHB Eric Waugaman 0-0: Foul Ball, location: 2F
0-1: Ground out 6-3 (Groundball, 6MS, EV 81.2 MPH)
Batting: RHB Dave Valdez 0-0: Ground out 6-3 (Groundball, 6MD, EV 91.9 MPH)
Batting: LHB Eduardo Lopez 0-0: Ball
1-0: Called Strike
1-1: Ball
2-1: Ground out U3 (Groundball, 3, EV 81.2 MPH)
Bottom of the 5th over - 0 runs, 0 hits, 0 errors, 0 left on base; Lake County 5 - Bowling Green 0
TOP OF THE 6TH
Lake County Captains batting - Pitching for Bowling Green Hot Rods : RHP Chris Harman
Batting: RHB Juan Ordonez 0-0: Swinging Strike
0-1: Swinging Strike
0-2: Ball
1-2: Ball
2-2: Ground out 6-3 (Groundball, 56, EV 105.6 MPH)
Batting: RHB Patrick Pinault 0-0: Ball
1-0: Ball
2-0: Swinging Strike
2-1: Swinging Strike
2-2: SINGLE (Groundball, 56S, EV 66.2 MPH) (infield hit)
Batting: RHB Steve Gusman 0-0: Called Strike
0-1: Fly out, F9 (Flyball, 9S, EV 88.1 MPH)
Batting: LHB Esteban Cordova 0-0: Ball
Patrick Pinault steals 2nd base (no throw)
1-0: Called Strike
1-1: Ball
2-1: Ball
3-1: Foul Ball, location: 2F
3-2: Foul Ball, location: 2F
3-2: Foul Ball, location: 2F
3-2: Fly out, F7 (Line Drive, 7, EV 93.8 MPH)
Top of the 6th over - 0 runs, 1 hit, 0 errors, 1 left on base; Lake County 5 - Bowling Green 0
BOTTOM OF THE 6TH
Bowling Green Hot Rods batting - Pitching for Lake County Captains : RHP Gordie Pierson
Batting: RHB Bogumil Filipowski 0-0: Swinging Strike
0-1: Swinging Strike
0-2: Ball
1-2: Strikes out looking
Batting: SHB Luis Verduzco 0-0: Called Strike
0-1: Ball
1-1: Ball
2-1: Ground out 6-3 (Groundball, 6M, EV 104.4 MPH)
Batting: LHB Sean Banks 0-0: Ball
1-0: Swinging Strike
1-1: Foul Ball, location: 2F
1-2: Foul Ball, location: 2F
1-2: Foul Ball, location: 2F
1-2: Strikes out looking
Bottom of the 6th over - 0 runs, 0 hits, 0 errors, 0 left on base; Lake County 5 - Bowling Green 0
TOP OF THE 7TH
Lake County Captains batting - Pitching for Bowling Green Hot Rods : RHP Chris Harman
Batting: RHB Josh Patterson 0-0: Foul Ball, location: 2F
0-1: Ball
1-1: Ball
2-1: SINGLE (Line Drive, 7S, EV 106.9 MPH)
Pitching: LHP Tim Pulliam
Batting: RHB Justin Young 0-0: Called Strike
0-1: Ball
1-1: Ball
2-1: Grounds into double play, 4-6-3 (Groundball, 34, EV 83.8 MPH)
Batting: LHB Jeff Palmowski 0-0: Ball
1-0: Called Strike
1-1: Foul Ball, location: 2F
1-2: Strikes out looking
Top of the 7th over - 0 runs, 1 hit, 0 errors, 0 left on base; Lake County 5 - Bowling Green 0
BOTTOM OF THE 7TH
Bowling Green Hot Rods batting - Pitching for Lake County Captains : RHP Gordie Pierson
Batting: RHB Dermott Kennelly 0-0: Fly out, F3 (Popup, 34, EV 77.5 MPH)
Batting: LHB Rocky Crowley 0-0: Swinging Strike
0-1: Ball
1-1: Called Strike
1-2: Strikes out swinging
Batting: RHB Tim Dower 0-0: Foul Ball, location: 2F
0-1: Reached on error, E4 (Groundball, 34, EV 103.8 MPH)
Batting: RHB Eric Waugaman 0-0: Ball
1-0: Called Strike
1-1: Foul Ball, location: 2F
1-2: Ball
2-2: Strikes out swinging
Bottom of the 7th over - 0 runs, 0 hits, 1 error, 1 left on base; Lake County 5 - Bowling Green 0
TOP OF THE 8TH
Lake County Captains batting - Pitching for Bowling Green Hot Rods : LHP Tim Pulliam
Batting: RHB Willie Gonzales 0-0: Foul Ball, location: 2F
0-1: Ball
1-1: Ball
2-1: Fly out, F7 (Line Drive, 7LM, EV 95.0 MPH)
Batting: RHB Jeremy Givens 0-0: Ball
1-0: Fly out, F9 (Flyball, 9, EV 69.4 MPH)
Batting: RHB Juan Ordonez 0-0: Ball
1-0: SINGLE (Line Drive, 3D, EV 96.2 MPH)
Batting: RHB Patrick Pinault 0-0: Called Strike
Juan Ordonez steals 2nd, throwing error, E2
Juan Ordonez to third
0-1: Called Strike
0-2: Ball
1-2: Strikes out swinging
Top of the 8th over - 0 runs, 1 hit, 1 error, 1 left on base; Lake County 5 - Bowling Green 0
BOTTOM OF THE 8TH
Bowling Green Hot Rods batting - Pitching for Lake County Captains : RHP Gordie Pierson
Batting: RHB Dave Valdez 0-0: Foul Ball, location: 2F
0-1: Swinging Strike
0-2: Ball
1-2: Strikes out swinging
Pitching: RHP Jared Van Heel
Batting: LHB Eduardo Lopez 0-0: Called Strike
0-1: Swinging Strike
0-2: Ball
1-2: Ground out 4-3 (Groundball, 4MS, EV 86.2 MPH)
Batting: RHB Bogumil Filipowski 0-0: Called Strike
0-1: Foul Ball, location: 2F
0-2: Ball
1-2: Ball
2-2: Strikes out swinging
Bottom of the 8th over - 0 runs, 0 hits, 0 errors, 0 left on base; Lake County 5 - Bowling Green 0
TOP OF THE 9TH
Lake County Captains batting - Pitching for Bowling Green Hot Rods : LHP Tim Pulliam
Pitching: LHP Jamie Houtman
Batting: RHB Steve Gusman 0-0: Ball
1-0: Called Strike
1-1: Ball
2-1: Called Strike
2-2: Ball
3-2: Base on Balls
Batting: LHB Esteban Cordova 0-0: Called Strike
Steve Gusman is caught stealing 2nd base 2-6
0-1: Ball
1-1: Fly out, F7 (Flyball, 7LS, EV 86.2 MPH)
Batting: RHB Josh Patterson 0-0: Called Strike
0-1: Swinging Strike
0-2: Strikes out looking
Top of the 9th over - 0 runs, 0 hits, 0 errors, 0 left on base; Lake County 5 - Bowling Green 0
BOTTOM OF THE 9TH
Bowling Green Hot Rods batting - Pitching for Lake County Captains : RHP Jared Van Heel
Batting: SHB Luis Verduzco 0-0: Called Strike
0-1: Fly out, F1 (Line Drive, P, EV 74.4 MPH)
Batting: LHB Sean Banks 0-0: Foul Ball, location: 2F
0-1: Ball
1-1: Swinging Strike
1-2: Ball
2-2: Strikes out looking
Batting: RHB Dermott Kennelly 0-0: Ball
1-0: Ball
2-0: Called Strike
2-1: SINGLE (Groundball, 56D, EV 95.6 MPH)
Batting: LHB Rocky Crowley 0-0: Called Strike
0-1: Foul Ball, location: 2F
0-2: Foul Ball, location: 2F
0-2: Ball
1-2: Strikes out swinging
Bottom of the 9th over - 0 runs, 1 hit, 0 errors, 1 left on base; Lake County 5 - Bowling Green 0
Sunday, July 16th , 2023 - OOTP Baseball 24.6 Build 69